woodfighter, chaotic female orcish Cavewoman ------------- |.}}......}}| #...}}}}...}}| #|....}}}...}. #|.......}.}}| #---.--.------ ### ###### # ## # ### # # ########### # ---+-------# # |..<......|## --------- # |..........## |]///[/// # |.........| |///////[..@ ----------- ---------- woodfighter the Cave Teen Experience level: 4 Strength: 18/01 Dexterity: 11 Constitution: 18 Intelligence: 9 Wisdom: 9 Charisma: 10 Health: 0(42) Energy: 12(12) Def: 2 Gold: 0 Moves: 1418 Dungeon seed: ka1lNm_7JB5xRhDu Game ID: woodfighter_1477218265 Your Inventory: Weapons a - a +1 club (weapon in hand) b - a +2 sling Armor n - an uncursed +0 dwarvish cloak (being worn) q - an uncursed +0 leather armor (being worn) Comestibles c - 3 uncursed food rations d - an uncursed tripe ration f - 2 uncursed lichen corpses s - an uncursed tin of spinach Scrolls u - an uncursed scroll of teleportation w - an uncursed scroll of destroy armor y - an uncursed scroll of scare monster Spellbooks v - an uncursed spellbook of cancellation Potions g - an uncursed potion of restore ability h - a blessed potion of object detection Rings k - an uncursed ring of see invisible r - a cursed -1 ring of gain constitution t - an uncursed ring of poison resistance Wands m - a wand of light (0:13) Tools j - an uncursed mirror Gems e - 11 uncursed flints Spells and supernatural/magical abilities: Name Level Category Fail Memory W - pray for help -- divine ? -- Your skills at the end: Miscellaneous Skills bare handed combat [Basic] Weapon Skills scimitar [Basic] club [Basic] sling [Basic] Spellcasting Skills Final Attributes: You were piously aligned. You were poison resistant. You had infravision. You were very stealthy. You are dead. Vanquished creatures: a water nymph a shrieker an iguana a giant bat an acid blob a yellow mold 5 garter snakes 5 jackals a fox 3 newts a sewer rat 2 grid bugs 5 lichens a kobold zombie 29 creatures vanquished. Voluntary challenges: You did not adorn yourself with jewelry or accessories. You did not cause conflict. You were not invisible. You did not have reflection. You were not displaced. You used a wielded weapon 31 times, starting on turn 60. You did not apply a unicorn horn. You did not use sinks. You were illiterate. You never genocided any monsters. You never polymorphed an object. You never changed form. You used no wishes. You never split a pudding. You never wrote Elbereth's name. You never violated your personal moral code. Dungeon overview: The Dungeons of Doom: levels 1 to 4 Level 1 a long staircase Level 2 Level 3 an altar to Anu Level 4 (w) <- You were here a wand shop History has recorded: On T:1 you entered the Dungeons of Doom to retrieve the Amulet of Yendor! On T:194 you reached level 2 of The Dungeons of Doom. On T:467 you advanced to experience level 2. On T:571 you reached level 3 of The Dungeons of Doom. On T:682 you advanced to experience level 3. On T:1230 you advanced to experience level 4. On T:1360 you reached level 4 of The Dungeons of Doom. Score breakdown: Gold: 0 ( 0 points) Experience: 4 levels ( 300 points) Exploration: 4 levels ( 90 points) Discoveries: 14 items ( 700 points) Variety of kills: 14 monsters ( 700 points) Major goal: (nothing yet) ( 0 points) Survival: died (score multiplied by 3) Total score: 5370 Latest messages: Wow! This makes you feel great! You feel agile! A wisp of vapor escapes the fountain... This water gives you bad breath! The cool draught refreshes you. This tepid water is tasteless. The fountain dries up! You are beginning to feel hungry. You stop exploring. Something is written here in the dust. You read: "Closed for inventory". You stop exploring. This door is locked. WHAMMM!!! As you kick the door, it crashes open! "How dare you break my door?" Curig drinks a dark green potion! Suddenly you cannot see Curig. You hear a nearby zap. The magic missile hits you! The magic missile bounces! The magic missile hits you! You die... Curig takes all your possessions. Final status: Goodbye woodfighter the Cavewoman, killed by a magic missile... You died in The Dungeons of Doom on dungeon level 4 with 5370 points, and 0 pieces of gold, after 1418 moves. You were level 4 with a maximum of 42 hit points when you died.